 Dungeon Crawl Stone Soup version 0.30.1-4-g462c640d31 (webtiles) character file.

Game seed: 5801603030050685709

3330 pkoi the Skirmisher (level 9, -7/81 HPs)
             Began as a Minotaur Hunter on Aug 29, 2023.
             Was a Priest of Okawaru.
             Shot with a bolt by a tengu warrior (23 damage)
             ... on level 8 of the Dungeon.
             The game lasted 00:10:02 (7005 turns).

pkoi the Skirmisher (Minotaur Hunter)               Turns: 7005, Time: 00:10:03

Health: -7/81      AC: 13    Str: 18    XL:     9   Next: 71%
Magic:  10/10      EV: 21    Int:  6    God:    Okawaru [***...]
Gold:   381        SH:  5    Dex: 16    Spells: 8/8 levels left

rFire   . . .        a - +0 shortbow
rCold   . . .        (shield currently unavailable)
rNeg    . . .        j - +4 ring mail
rPois   .            (helmet restricted)
rElec   .            (no cloak)
rCorr   .            (no gloves)
SInv    .            q - +0 pair of boots
Will    .....        k - amulet of reflection
Stlth   +++          i - +5 ring of evasion
HPRegen 0.33/turn    (no ring)
MPRegen 0.12/turn

%: reflection
@: heroic
A: horns 2, retaliatory headbutt
a: Renounce Religion, Heroism


You were on level 8 of the Dungeon.
You worshipped Okawaru.
Okawaru was most pleased with you.
You visited 2 branches of the dungeon, and saw 9 of its levels.

You collected 381 gold pieces.

Inventory:

Hand Weapons
 a - a +0 shortbow (weapon)
 e - a +0 vampiric whip
Armour
 j - a +4 ring mail (worn)
 n - +0 acid dragon scales
 q - a +0 pair of boots (worn)
Jewellery
 d - an amulet of guardian spirit
 h - a ring of fire
 i - a +5 ring of evasion (left hand)
 k - an amulet of reflection (around neck)
 l - a ring of willpower
Wands
 m - a wand of roots (11)
 v - a wand of acid (11)
Scrolls
 b - a scroll of immolation
 f - 5 scrolls of identify
 g - 2 scrolls of enchant armour
 o - a scroll of magic mapping
 t - 5 scrolls of teleportation
 u - a scroll of silence {unknown}
 y - a scroll of blinking
Potions
 c - a potion of curing
 p - a potion of haste
 r - 4 potions of flight
 s - 4 potions of heal wounds
 w - a potion of might
 x - 2 potions of lignification {unknown}


   Skills:
 + Level 8.2(13.2) Fighting
 + Level 8.4(13.4) Ranged Weapons
 + Level 7.7(12.7) Armour
 - Level 6.0(11.0) Dodging
 - Level 0.7(5.7) Stealth
 + Level 3.9 Invocations
 + Level 3.5 Evocations


You had 8 spell levels left.
You didn't know any spells.
Your spell library contained the following spells:

 Spells                   Type           Power      Damage    Failure   Level
 Shock                    Conj/Air       0%         1d3       58%         1
 Slow                     Hex            0%         N/A       58%         1
 Cigotuvi's Dreadful Rot  Necr/Pois/Air  0%         N/A       75%         2
 Ensorcelled Hibernation  Hex/Ice        0%         N/A       75%         2
 Dazzling Flash           Conj/Hex       0%         N/A       92%         3
 Hailstorm                Conj/Ice       0%         3d3       92%         3
 Swiftness                Air            0%         N/A       92%         3
 Vhi's Electric Charge    Tloc/Air       0%         N/A       92%         3
 Airstrike                Air            0%         2d(0-16)  100%        4
 Anguish                  Hex/Necr       0%         N/A       100%        4
 Dispel Undead            Necr           0%         3d6       100%        4
 Ice Form                 Ice/Tmut       0%         N/A       100%        4
 Arcjolt                  Conj/Air       0%         1d10      100%        5
 Silence                  Hex/Air        0%         N/A       100%        5
 Maxwell's Capacitive Co  Air            0%         ∞         100%        8
 Death Channel            Necr           Unusable   N/A       N/A         6
 Simulacrum               Ice/Necr       Unusable   N/A       N/A         6

Dungeon Overview and Level Annotations

Branches:
Dungeon (8/15)             Temple (1/1) D:4
   Lair: D:8-11

Altars:
Ashenzari
Dithmenos
Elyvilon
Fedhas
Gozag
Kikubaaqudgha
Nemelex Xobeh
Okawaru
Sif Muna
Trog
Wu Jian
Xom
Yredelemnul

Shops:
D:5 :


Innate Abilities, Weirdness & Mutations

You have a pair of horns on your head.
You reflexively headbutt those who attack you in melee.


Message History

You shoot an arrow. The arrow misses the tengu warrior.
The tengu warrior shoots a bolt.
The bolt barely misses you.
Fire: a) +0 shortbow
Press: ? - help, Q - select action, (/) - cycle Shift-Dir - straight line, f/p - tengu warrior
Aim: a tengu warrior, wielding a +0 arbalest and wearing a +0 leather armour (lightly wounded, 53% to hit)
You shoot an arrow. The arrow misses the tengu warrior.
The tengu warrior shoots a bolt.
The bolt closely misses you.
Aiming: Corrosive Bolt
Press: ? - help, Shift-Dir - straight line, f/p - tengu warrior
Aim: a tengu warrior, wielding a +0 arbalest and wearing a +0 leather armour (lightly wounded, 51% to hit)
The bolt of acid hits the tengu warrior!
The acid corrodes the tengu warrior!
The tengu warrior is moderately wounded.
The tengu warrior shoots a bolt.
The bolt hits you!!
* * * LOW HITPOINT WARNING * * *
Fire: a) +0 shortbow
Press: ? - help, Q - select action, (/) - cycle Shift-Dir - straight line, f/p - tengu warrior
Aim: a tengu warrior, wielding a +0 arbalest and wearing a +0 leather armour (moderately wounded, covered in acid, 53% to hit)
You shoot an arrow.
The arrow closely misses the tengu warrior.
The tengu warrior shoots a bolt.
The bolt hits you!
* * * LOW HITPOINT WARNING * * *
Fire: a) +0 shortbow
Press: ? - help, Q - select action, (/) - cycle Shift-Dir - straight line, f/p - tengu warrior
Aim: a tengu warrior, wielding a +0 arbalest and wearing a +0 leather armour (moderately wounded, covered in acid, 53% to hit)
You shoot an arrow. The arrow hits the tengu warrior.
The tengu warrior is moderately wounded.
Fire: a) +0 shortbow
Press: ? - help, Q - select action, (/) - cycle Shift-Dir - straight line, f/p - tengu warrior
Aim: a tengu warrior, wielding a +0 arbalest and wearing a +0 leather armour (moderately wounded, covered in acid, 53% to hit)
You shoot an arrow.
The arrow closely misses the tengu warrior.
The tengu warrior shoots a bolt.
The bolt closely misses you.
Fire: a) +0 shortbow
Press: ? - help, Q - select action, (/) - cycle Shift-Dir - straight line, f/p - tengu warrior
Aim: a tengu warrior, wielding a +0 arbalest and wearing a +0 leather armour (moderately wounded, covered in acid, 53% to hit)
You shoot an arrow. The arrow hits the tengu warrior.
The tengu warrior is heavily wounded.
The tengu warrior shoots a bolt.
The bolt hits you!!
You die...

.........#####...#.########
.........##....###.........
............#### #.....###
###.#....#### ##.)#..#
..#.#....# #...#...# #
..#....# ##.)## ..#
####....# #...# ..# #....#
##..## ..# #....# #.@.#
###### #..## #...# #Q.##
...# #..## ... #..# #..


You could see a tengu warrior (corroded).

Vanquished Creatures
  A centaur warrior (D:8)
  A deep elf pyromancer (D:8)
  Maggie (D:6)
  Sigmund (D:6)
  2 water moccasins (D:7)
  2 ice beasts (D:6)
  An ogre (D:6)
  2 phantoms (D:6)
  4 scorpions
  2 howler monkeys (D:5)
  4 orc priests
  2 jellies
  A hound (D:5)
  3 iguanas
  2 sleepcaps
  9 orc wizards
  Terence (D:3)
  Robin (D:3)
  7 gnolls
  7 adders
  3 shadow imps
  2 white imps (D:7)
  An ufetubus (D:6)
  2 worms
  2 dart slugs
  31 orcs
  5 ball pythons
  10 bats
  7 endoplasms
  3 giant cockroaches
  10 goblins
  7 hobgoblins
  5 jackals (D:2)
  2 quokkas (D:1)
  7 frilled lizards
  12 kobolds
  6 rats
169 creatures vanquished.

Notes
Turn   | Place    | Note
-------+----------+-------------------------------------------
     0 | D:1      | pkoi the Minotaur Hunter began the quest for the Orb.
     0 | D:1      | Reached XP level 1. HP: 18/18 MP: 0/0
   124 | D:1      | Found a faded altar of an unknown god.
   209 | D:1      | Reached XP level 2. HP: 25/25 MP: 1/1
   255 | D:1      | Reached skill level 1 in Armour
   686 | D:2      | Reached XP level 3. HP: 31/31 MP: 2/2
  1133 | D:2      | Reached XP level 4. HP: 38/38 MP: 3/3
  1493 | D:3      | Noticed Robin
  1524 | D:3      | Killed Robin
  1525 | D:3      | Reached skill level 5 in Ranged Weapons
  1606 | D:3      | Noticed Terence
  1620 | D:3      | Killed Terence
  1786 | D:3      | Reached XP level 5. HP: 46/46 MP: 4/4
  2523 | D:4      | Found a staircase to the Ecumenical Temple.
  2639 | Temple   | Entered the Ecumenical Temple
  2719 | Temple   | Became a worshipper of Warmaster Okawaru
  2905 | D:4      | Reached XP level 6. HP: 53/53 MP: 5/5
  3154 | D:4      | Found a sparkling altar of Nemelex Xobeh.
  3154 | D:4      | Found a shadowy altar of Dithmenos.
  3159 | D:4      | Found a shimmering blue altar of Sif Muna.
  3215 | D:5      | Entered Level 5 of the Dungeon
  3217 | D:5      | Found Haycon's Tremendous Tomes.
  3427 | D:5      | Reached skill level 5 in Fighting
  3460 | D:5      | Reached XP level 7. HP: 27/61 MP: 6/6
  3734 | D:5      | Reached * piety under Okawaru
  3800 | D:5      | Reached skill level 5 in Dodging
  3976 | D:5      | Reached skill level 5 in Armour
  4537 | D:6      | Reached XP level 8. HP: 58/70 MP: 7/7
  4811 | D:6      | Noticed Sigmund
  4823 | D:6      | Killed Sigmund
  5075 | D:6      | Got the Folio of Doom
  5160 | D:6      | Reached ** piety under Okawaru
  5185 | D:6      | Reached skill level 1 in Invocations
  5185 | D:6      | Reached skill level 1 in Evocations
  5424 | D:6      | Found a shimmering altar of Xom.
  5545 | D:6      | Noticed Maggie
  5575 | D:6      | Killed Maggie
  6143 | D:6      | Reached XP level 9. HP: 79/79 MP: 9/9
  6773 | D:8      | Found a blossoming altar of Fedhas.
  6900 | D:8      | Noticed a centaur warrior
  6906 | D:8      | Killed a centaur warrior
  6981 | D:8      | Noticed a deep elf pyromancer
  6985 | D:8      | Noticed a tengu warrior
  6992 | D:8      | Killed a deep elf pyromancer
  6992 | D:8      | Reached *** piety under Okawaru
  7005 | D:8      | Shot with a bolt by a tengu warrior

Illustrated notes

Levels and vault maps discovered:
D:1:      heliophobic_arrival_glass_houses, layout_loops_ring,
          basic_ecumenical_altar, minmay_misc_feat_ornament
D:2:      layout_loops_ring, minmay_misc_feat_enclosed, serial_bayou_pond_e,
          minmay_crystal_room
D:3:      layout_loops_corners, grunt_decor_mini_mirrors, skrybe_limestone_x,
          dk_noncrumbling_4, minivault_27, hangedman_decor_clover_reticule,
          uniq_terence, uniq_robin
D:4:      layout_rooms, grunt_temple_overflow_open,
          minmay_temple_entry_stoned_glass, serial_bayou_ford_a
D:5:      nicolae_cairo_tiling_very_big, layout_rooms,
          nicolae_shop_i_like_big_books, minmay_small_thing
D:6:      layout_basic, brannock_xom_greatest_gift, uniq_maggie, uniq_sigmund
D:7:      layout_basic
D:8:      minmay_diamond_stairs, layout_basic, lemuel_coloured_pillars_altar,
          mainiacjoe_overflow_concentric_impassable
Temple:   nicolae_temple_slightly_damp_pantheon

Skill      XL: |  1  2  3  4  5  6  7  8  9 |
---------------+----------------------------+-----
Armour         | 1 2 3 4 5 6 7 |  7.7
Fighting       | 3 4 5 6 7 8 |  8.2
Dodging        | 3 4 5 6 |  6.0
Ranged Weapons | 5 6 7 8 |  8.4
Invocations    | 2 3 |  3.9
Evocations     | 2 3 |  3.5
Stealth        | |  0.7

Action                     |  1- 3 |  4- 6 |  7- 9 || total
---------------------------+-------+-------+-------++-------
   Fire: Shortbow          |   110 |   244 |   312 ||   666
 Invoke: Heroism           |       |       |     3 ||     3
  Evoke: Wand              |       |       |     2 ||     2
    Use: Scroll            |     6 |     4 |     5 ||    15
         Potion            |       |     1 |     3 ||     4
 Armour: Leather armour    |     6 |       |       ||     6
         Ring mail         |     8 |    52 |    64 ||   124
  Dodge: Dodged            |    24 |   122 |   155 ||   301
  Block: Other             |       |       |    24 ||    24
         Reflection        |       |       |     5 ||     5
